 Dungeon Sprint DCSS version 0.24.0-41-g2ae2f7f1be (webtiles) character file.

Game seed: 5913168051707536897, levelgen mode: deterministic

64 McKennaii the Shield-Bearer (level 3, 0/30 HPs)
             Began as a Demonspawn Fighter on Dec 9, 2019.
             Succumbed to a scorpion's poison
             ... in the Dungeon (Sprint IX: "|||||||||||||||||||||||||||||").
             The game lasted 00:00:55 (141 turns).

McKennaii the Shield-Bearer (Demonspawn Fighter)     Turns: 141, Time: 00:00:55

Health: 0/30       AC:  7    Str: 17    XL:     3   Next: 91%
Magic:  3/3        EV:  8    Int:  9    God:
Gold:   0          SH:  9    Dex: 12    Spells: 2/2 levels left

rFire    . . .     SeeInvis .   a - +0 long sword
rCold    + . .     Gourm    .   c - +0 shield
rNeg     . . .     Faith    .   b - +0 scale mail
rPois    .         Spirit   .   (helmet restricted)
rElec    .         Reflect  .   (no cloak)
rCorr    .         Harm     .   (no gloves)
MR       .....     NoTele   +   (no boots)
Stlth    ..........             (no amulet)
HPRegen  0.10/turn              (no ring)
MPRegen  0.08/turn              (no ring)

@: lethally poisoned (0 -> -7)
A: horns 1, cold resistance 1
a: no special abilities


You were in the Dungeon.
You were not hungry.

You visited 1 branch

Inventory:

Hand Weapons
 a - a +0 long sword (weapon)
Armour
 b - a +0 scale mail (worn)
 c - a +0 shield (worn)
Scrolls
 k - a scroll of blinking
Potions
 e - a potion of curing
 g - a potion of heal wounds
 h - a potion of haste
 i - 2 potions of magic
 j - a potion of berserk rage
Comestibles
 f - a ration


   Skills:
 + Level 3.9 Fighting
 + Level 3.0 Long Blades
 + Level 4.5 Armour
 + Level 2.5 Dodging
 + Level 4.7 Shields


You had 2 spell levels left.
You didn't know any spells.
Your spell library was empty.

Dungeon Overview and Level Annotations

Branches:
Dungeon (1/1)

Altars:


Innate Abilities, Weirdness & Mutations

You have a pair of small horns on your head.
Your flesh is cold resistant. (rC+)


Message History

The scorpion is moderately wounded.
You block the scorpion's attack.
Unknown command.
You hit the scorpion but do no damage.
The scorpion is moderately wounded.
The scorpion stings you.
* * * LOW HITPOINT WARNING * * *
You closely miss the scorpion. Your headbutt misses the scorpion.
The scorpion is moderately wounded.
The howler monkey hoots and howls with incredible vigour!
The scorpion barely misses you. The scorpion closely misses you.
Your shield and scale mail prevent you from hitting the scorpion.
The scorpion is moderately wounded.
The scorpion stings you.
* * * LOW HITPOINT WARNING * * *
You are lethally poisoned!
The scorpion poisons you!
You hit the scorpion.
The scorpion is heavily wounded.
You die... ▓▓▓▓▓▓▓▓▓▓▓▓▓▓▓▓▓▓ ▓<...))...@sh5...+ ▓▓▓▓▓▓▓▓▓▓▓▓▓▓▓▓▓▓

You could see a scorpion, a howler monkey and a crimson imp.

Vanquished Creatures
  A quasit (D)
  An iguana (D)
  A leopard gecko (D)
  A bat (D)
  3 hobgoblins (D)
7 creatures vanquished.

Notes
Turn   | Place    | Note
-------+----------+-------------------------------------------
     0 | D        | McKennaii the Demonspawn Fighter began the quest for the
                  | Orb.
     0 | D        | Reached XP level 1. HP: 18/18 MP: 1/1
   109 | D        | Noticed a quasit
   109 | D        | Noticed a crimson imp
   109 | D        | Noticed an iguana
   109 | D        | Noticed a scorpion
   109 | D        | Noticed a howler monkey
   130 | D        | Killed a quasit
   130 | D        | Gained mutation: You have a pair of small horns on your
                  | head. [demonic ancestry]
   130 | D        | Reached XP level 2. HP: 2/25 MP: 2/2
   130 | D        | Gained mutation: Your flesh is cold resistant. (rC+)
                  | [demonic ancestry]
   130 | D        | Reached XP level 3. HP: 3/30 MP: 3/3
   140 | D        | HP: 1/30 [scorpion (1)]
   141 | D        | Succumbed to a scorpion's poison

Levels and vault maps discovered:
D:        linesprint [early_d, line_temple, items_1, d_10, items_2, lair_1,
          lair_end, items_3, orc_1, orc_end, items_4, d_15, swamp_1, shoals_1,
          snake_1, spider_1, d_20, vaults_1, items_5, swamp_end, shoals_end,
          snake_end, spider_end, vaults_end, d_27, items_6, zot_1, zot_end,
          crypt_end, forest_end, elf_end, slime_end, tomb_end, abyss_end,
          pan_hell_end]

Skill      XL: |  1  2  3 |
---------------+----------+-----
Armour         | 4 |  4.5
Shields        | 4 |  4.7
Long Blades    | 2 3 |  3.0
Dodging        | 2 |  2.5
Fighting       | |  3.9

Action                   || total
-------------------------++-------
Melee: Long sword        ||    52
       Headbutt          ||     2
  Use: Potion            ||     1
Armor: Scale mail        ||    57
Dodge: Dodged            ||    47
Block: Shield            ||    51
       Rpst.: Long sword ||    11
